Map: Hardwire LE

Players

Warthog - Winner!

  • Race: Terran Terran
  • League: Master
  • Spawn Location: 1:00

rekt

  • Race: Zerg Zerg
  • League: Master
  • Spawn Location: 7:00

VOD

Have the link to the VOD?

Description

Time

  • Played on: Jan. 11, 2022, 9:52 p.m.
  • Length: 10:26
Show
View Real Time Build Order
Export as new Build Order

Warthog Terran - Winner!

Build Orders: Liberator Opening, Reaper Expand, Mech 

Get SALT Encoding   

  12  0:00  SCV  
  13  0:12  SCV  
  14  0:17  Supply Depot  
  14  0:24  SCV  
  15  0:39  SCV  
  15  0:40  Barracks  
  16  0:44  Refinery  
  16  0:51  SCV  
  17  1:03  SCV  
  18  1:15  SCV  
  19  1:27  Orbital Command  
  19  1:28  Reaper  
  20  1:40  Command Center  
  20  1:51  Supply Depot  
  20  1:54  SCV  
  21  2:00  Marine  
  22  2:07  SCV  
  23  2:10  Factory  
  23  2:16  Refinery  
  23  2:19  SCV  
  24  2:23  Barracks Reactor  
  24  2:31  SCV  
  25  2:43  SCV  
  26  2:53  Orbital Command  
  26  2:55  SCV  
  27  2:59  Starport  
  27  3:11  Hellion x2  
  27  3:12  SCV  
  32  3:18  SCV  
  33  3:24  SCV  
  33  3:27  Supply Depot  
  34  3:30  SCV  
  34  3:34  Hellion x2  
  39  3:36  SCV  
  39  3:37  Barracks Tech Lab  
  40  3:42  SCV  
  40  3:45  Supply Depot, Liberator  
  44  3:48  SCV  
  44  3:54  SCV  
  44  3:55  Hellion x2  
  50  4:00  SCV  
  51  4:07  SCV  
  52  4:11  Command Center  
  52  4:13  SCV  
  52  4:16  Supply Depot  
  53  4:19  SCV  
  54  4:25  SCV  
  54  4:28  Liberator  
  54  4:31  SCV  
  59  4:32  Hellion  
  59  4:33  Refinery  
  59  4:34  Refinery  
  59  4:37  SCV  
  64  4:38  Hellion  
  64  4:43  SCV  
  65  4:49  SCV  
  65  4:50  Supply Depot  
  66  4:59  SCV  
  67  5:14  SCV x2  
  63  5:18  Factory x2  
  63  5:20  Armory  
  63  5:21  Hellion x2, Armory  
  61  5:26  Barracks Reactor  
  58  5:29  Orbital Command  
  57  5:38  SCV  
  57  5:39  Factory x2  
  57  5:42  Hellion x2  
  62  5:44  Viking  
  62  5:46  SCV  
  65  5:51  SCV  
  65  5:54  Orbital Command  
  66  5:58  SCV  
  66  6:03  SCV, Hellion  
  66  6:04  Hellion, Factory Tech Lab  
  72  6:06  Cyclone  
  72  6:10  Refinery  
  72  6:11  Refinery  
  75  6:13  Supply Depot  
  75  6:15  Supply Depot  
  75  6:16  SCV  
  76  6:25  Hellion x2, SCV x2  
  82  6:28  SCV  
  83  6:37  SCV  
  84  6:44  SCV x2  
  86  6:49  Siege Tank, Infernal Pre-Igniter  
  86  6:50  Siege Tank, Mag-Field Accelerator  
  86  6:53  Factory Tech Lab  
  92  6:57  SCV x3  
  92  7:00  Supply Depot  
  95  7:01  Supply Depot  
  95  7:06  Hellion x2  
  95  7:08  Terran Vehicle Weapons Level 1, Terran Vehicle And Ship Armor Level 1  
  99  7:09  SCV  
  99  7:11  Supply Depot  
  100  7:16  Engineering Bay  
  100  7:22  Cyclone x2  
  106  7:25  SCV  
  106  7:26  SCV x2  
  106  7:27  Supply Depot  
  106  7:29  Supply Depot  
  109  7:34  Cyclone  
  109  7:35  Hellion x2  
  109  7:36  Starport Tech Lab  
  116  7:38  SCV x3  
  116  7:44  Hellion  
  121  7:50  SCV x3  
  123  7:51  Supply Depot  
  123  7:54  Cyclone  
  123  7:57  Command Center  
  126  8:02  SCV  
  126  8:04  Banshee  
  130  8:07  SCV  
  130  8:08  SCV  
  134  8:20  Cyclone, Hellion x2  
  139  8:30  Cyclone, Hellion x2  
  146  8:34  Missile Turret x2  
  146  8:38  Missile Turret  
  146  8:43  SCV x2  
  146  8:46  Missile Turret x2  
  148  8:50  Thor  
  148  8:51  Missile Turret, Drilling Claws  
  148  8:52  Widow Mine x2  
  148  8:54  SCV  
  157  8:56  Missile Turret  
  154  9:07  Missile Turret  
  154  9:08  Thor x2  
  154  9:09  Missile Turret  
  166  9:11  Supply Depot  
  166  9:12  Supply Depot  
  166  9:21  Refinery  
  166  9:24  Refinery  
  166  9:27  SCV  
  166  9:29  Planetary Fortress  
  166  9:31  SCV  
  166  9:32  Thor  
  166  9:33  Supply Depot  
  173  9:47  Factory  
  173  9:48  Factory x2  
  173  9:49  Widow Mine  
  173  9:50  Widow Mine x2  
Show
View Real Time Build Order
Export as new Build Order

rekt Zerg 

Build Orders: Hatch First 

Get SALT Encoding   

  12  0:00  Drone  
  13  0:12  Overlord  
  13  0:16  Drone  
  14  0:30  Drone x2  
  14  0:34  Drone  
  17  0:53  Hatchery  
  17  0:55  Drone  
  17  0:58  Drone  
  18  1:10  Extractor  
  17  1:14  Spawning Pool  
  17  1:17  Drone  
  17  1:22  Drone  
  18  1:27  Drone  
  19  1:38  Drone  
  20  2:05  Queen  
  20  2:06  Zergling x2, Queen  
  20  2:07  Zergling x4  
  27  2:22  Hatchery  
  26  2:27  Metabolic Boost  
  25  2:31  Overlord  
  25  2:36  Spore Crawler  
  24  2:40  Drone x2  
  27  2:49  Drone  
  27  2:50  Drone x2  
  30  2:57  Queen  
  32  3:04  Overlord  
  32  3:06  Drone  
  32  3:10  Drone  
  32  3:11  Drone  
  35  3:21  Drone  
  36  3:29  Drone x4  
  36  3:32  Queen  
  42  3:41  Queen  
  42  3:42  Overlord  
  42  3:44  Drone  
  45  3:50  Overlord  
  45  3:52  Drone x3  
  45  3:53  Drone  
  49  4:03  Drone x5  
  49  4:08  Lair  
  54  4:10  Drone  
  54  4:16  Extractor  
  54  4:19  Queen  
  54  4:23  Zergling x2  
  54  4:24  Zergling x4  
  59  4:32  Overlord x2  
  59  4:34  Drone  
  59  4:35  Drone x2  
  59  4:36  Drone  
  59  4:37  Drone, Extractor  
  63  4:39  Drone  
  63  4:40  Drone x2  
  66  4:47  Overlord  
  64  4:59  Spore Crawler  
  62  5:01  Drone x5  
  59  5:10  Drone  
  59  5:11  Drone x4  
  53  5:16  Drone  
  53  5:17  Drone  
  52  5:26  Drone  
  54  5:32  Drone x2  
  54  5:33  Drone  
  56  5:37  Drone x3  
  59  5:43  Drone x2  
  61  5:52  Extractor  
  60  5:57  Spire  
  60  5:59  Drone x7  
  60  6:00  Drone  
  67  6:08  Drone x2  
  67  6:10  Spore Crawler  
  68  6:14  Baneling Nest  
  68  6:16  Drone, Evolution Chamber  
  68  6:17  Evolution Chamber  
  68  6:18  Zergling x4  
  68  6:20  Zergling x2  
  68  6:21  Zergling x2  
  68  6:22  Zergling x2  
  71  6:30  Overseer  
  69  6:34  Spore Crawler  
  69  6:35  Drone  
  69  6:36  Drone x4  
  67  6:42  Overseer  
  67  6:44  Drone  
  68  6:48  Drone  
  68  6:49  Drone x3  
  68  6:51  Drone  
  73  6:57  Overlord x3  
  73  6:59  Extractor  
  73  7:00  Extractor  
  71  7:07  Overlord x2  
  71  7:08  Drone x2  
  73  7:20  Mutalisk x4  
  81  7:26  Overlord x2  
  81  7:30  Mutalisk  
  83  7:38  Drone  
  83  7:39  Drone x5  
  83  7:44  Drone x2, Mutalisk  
  90  7:45  Mutalisk  
  95  7:58  Zergling x12  
  96  8:00  Centrifugal Hooks  
  96  8:02  Zerg Melee Weapons Level 1  
  96  8:05  Hatchery  
  100  8:14  Zergling x2  
  100  8:15  Zergling x10  
  98  8:20  Baneling  
  98  8:21  Baneling x10  
  98  8:23  Zergling x10  
  100  8:32  Zergling x2  
  100  8:33  Zergling x6  
  97  8:41  Drone  
  97  8:42  Drone x3  
  97  8:44  Zergling x10  
  97  8:46  Overlord  
  101  8:59  Overlord  
  101  9:00  Overlord x3  
  95  9:05  Overlord  
  95  9:08  Zergling x2  
  95  9:09  Zergling x6  
  99  9:18  Drone x2  
  99  9:20  Drone  
  101  9:25  Zergling x14  
  108  9:32  Mutalisk x3  
  108  9:33  Mutalisk x3  
  108  9:36  Zergling x2  
  121  9:41  Queen  
  123  9:49  Zergling x16  
  123  9:50  Zergling x2  
Tags
 
Add a new tag
Caveats
  • Supply blocks, unpowered buildings, or Contaminate may cause inaccurate times.
  • Supply counts are checked every 10 seconds.